 Dungeon Crawl Stone Soup version 0.29.1-15-g9cfb28693d (console) character file.

Game seed: 1893559320227005423

246 om the Grave Robber (level 5, -3/35 HPs)
             Began as a Vampire Necromancer on Apr 25, 2023.
             Slain by an ogre
             ... wielding a +0 giant club
              (5 damage)
             ... on level 5 of the Dungeon.
             The game lasted 00:10:14 (3989 turns).

om the Grave Robber (Vampire Necromancer)           Turns: 3989, Time: 00:10:15

Health: -3/35      AC:  2    Str:  7    XL:     5   Next: 84%
Magic:  3/10       EV: 12    Int: 20    God:
Gold:   232        SH:  3    Dex: 14    Spells: 10/11 levels left

rFire   . . .      SeeInvis +   d - +0 short sword
rCold   . . .      Faith    .   f - +0 buckler
rNeg    . . .      Spirit   .   a - +0 robe
rPois   .          Reflect  .   (no helmet)
rElec   .          Harm     .   (no cloak)
rCorr   .          Rampage  .   (no gloves)
Will    .....                   (no boots)
Stlth   +++.......              (no amulet)
HPRegen 0.31/turn               (no ring)
MPRegen 0.12/turn               (no ring)

@: healing quickly
A: alive, fangs 3, see invisible, vampiric 2
a: Exsanguinate


You were on level 5 of the Dungeon.
You visited 1 branch of the dungeon, and saw 5 of its levels.

You collected 232 gold pieces.

Inventory:

Hand Weapons
 d - a +0 short sword (weapon)
Armour
 a - a +0 robe (worn)
 f - a +0 buckler (worn)
Wands
 s - a wand of flame (16)
Scrolls
 i - a scroll of enchant armour {unknown}
 q - a scroll of blinking
 r - a scroll of poison {unknown}
 t - a scroll of teleportation {unknown}
 u - a scroll of torment {unknown}
Potions
 b - a potion of magic
 c - 3 potions of degeneration {unknown}
 e - 3 potions of flight
 g - a potion of cancellation {!q}
 h - 2 potions of curing
 j - a potion of invisibility {unknown}
 k - a potion of lignification
 l - a potion of berserk rage {unknown}
 m - a potion of ambrosia
 n - a potion of haste {unknown}
 o - a potion of brilliance
 p - 3 potions of might
 v - a potion of heal wounds {unknown}


   Skills:
 + Level 3.2 Dodging
 + Level 4.7 Stealth
 * Level 3.6 Spellcasting
 * Level 5.8 Necromancy


You had 10 spell levels left.
You knew the following spells:

 Your Spells              Type           Power      Damage    Failure   Level
a - Necrotise             Necr           100%       1d9       1%          1

Your spell library contained the following spells:

 Spells                   Type           Power      Damage    Failure   Level
 Vampiric Draining        Necr           27%        2d7       4%          3
 Animate Dead             Necr           27%        N/A       16%         4
 Agony                    Necr           27%        N/A       41%         5


Dungeon Overview and Level Annotations

Branches:
Dungeon (5/15)
 Temple: D:4-7

Altars:
Cheibriados

Shops:
D:5 [

Annotations:
D:3 Menkaure
D:4 Blork the orc


Innate Abilities, Weirdness & Mutations

Your natural rate of healing is accelerated.
You have razor-sharp teeth.
You have supernaturally acute eyesight. (SInv)
You are afflicted with vampirism and can become a bat while bloodless.


Message History

Found a robe.
There is a stone staircase leading up here.
Unknown command.
The helpless orc fails to defend itself.
You puncture the orc!
You kill the orc!
Found a trident.
Found Heodiud's Armour Shoppe.
The helpless orc fails to defend itself.
You puncture the orc!
You kill the orc!
The helpless orc fails to defend itself.
You puncture the orc!
You kill the orc!
You start resting.
HP restored.
Things that are here:
a +0 hand axe; a +0 leather armour; an orc corpse
There is a stone staircase leading up here.
An ogre comes into view. It is wielding a +0 giant club.
The ogre shouts!
The ogre writhes in agony.
The ogre writhes in agony!
The ogre writhes in agony.
The ogre barely resists.
The ogre hits you with a +0 giant club!
The ogre barely resists.
The ogre hits you with a +0 giant club!!
Ouch! That really hurt!
* * * LOW HITPOINT WARNING * * *
You are too injured to fight recklessly!
Aiming: Necrotise (safe; 1% risk of failure)
Press: ? - help, Q - select action, (/) - cycle Shift-Dir - straight line, f/p - ogre
Aim: an ogre, wielding a +0 giant club (severely wounded, chance to affect: 83%)
The ogre writhes in agony.
Unknown command.
Aiming: Necrotise (safe; 1% risk of failure)
Press: ? - help, Q - select action, (/) - cycle Shift-Dir - straight line, f/p - ogre
Aim: an ogre, wielding a +0 giant club (almost dead, chance to affect: 83%)
The ogre barely resists.
The ogre hits you with a +0 giant club.
You die...

#.....# #.....#
#.....+ ##.....#
#......# #.....)#
#.....O# #.....@#
#......#
#......############
#..................
#..[....<..........
..######..).........
. #)...........
#.....)......
###+#########


You could see an ogre.

Vanquished Creatures
  A necrophage (D:4)
  Terence (D:3)
  7 gnolls
  2 adders
  A worm (D:1)
  5 orcs
  9 ball pythons
  6 endoplasms
  A giant cockroach (D:3)
  2 goblins
  3 hobgoblins
  5 quokkas
  4 bats
  A frilled lizard (D:1)
  8 kobolds
  6 rats
62 creatures vanquished.

Vanquished Creatures (collateral kills)
  An adder (D:3)
  A goblin (D:2)
2 creatures vanquished.

Grand Total: 64 creatures vanquished

Notes
Turn   | Place    | Note
-------+----------+-------------------------------------------
     0 | D:1      | om the Vampire Necromancer began the quest for the Orb.
     0 | D:1      | Reached XP level 1. HP: 13/13 MP: 3/3
   342 | D:1      | Reached XP level 2. HP: 19/19 MP: 1/5
  1537 | D:2      | Found a snail-covered altar of Cheibriados.
  1546 | D:2      | Gained mutation: You are afflicted with vampirism and can
                  | become a bat while bloodless. [Vampire growth]
  1546 | D:2      | Reached XP level 3. HP: 24/24 MP: 1/6
  1887 | D:2      | Reached skill level 5 in Necromancy
  1989 | D:2      | Reached XP level 4. HP: 30/30 MP: 4/8
  2545 | D:3      | Noticed Terence
  2555 | D:3      | Killed Terence
  2831 | D:3      | Reached XP level 5. HP: 35/35 MP: 6/9
  3342 | D:3      | Found a faded altar of an unknown god.
  3567 | D:4      | Noticed Menkaure
  3852 | D:4      | Noticed Blork the orc
  3862 | D:4      | HP: 1/35 [Blork the orc/puff of flame (8)]
  3871 | D:5      | Entered Level 5 of the Dungeon
  3873 | D:5      | Found Heodiud's Armour Shoppe.
  3980 | D:5      | Noticed an ogre
  3987 | D:5      | HP: 1/35 [ogre/+0 giant club (19)]
  3989 | D:5      | Slain by an ogre

Illustrated notes

Levels and vault maps discovered:
D:1:      ncdulo_smallfort, layout_loops_ring
D:2:      layout_basic, basic_altar, dreamdust_wishing_well, minmay_domino_2
D:3:      layout_loops_ring, mainiacjoe_overflow_concentric_impassable,
          hellmonk_ecumenical_altar_heavens_door, skrybe_limestone_x,
          uniq_terence
D:4:      nicolae_cairo_tiling, layout_basic, minmay_temple_entry_glassed_door,
          portal_sewer_entry_a, uniq_ijyb, uniq_edmund, uniq_pikel,
          uniq_blork_the_orc, uniq_robin, uniq_menkaure
D:5:      minmay_spotlight, layout_gridville,
          grunt_temple_overflow_magic_moments, grunt_qazlal_clouds,
          serial_shops, nicolae_shop_trees, nicolae_shop_trees, shop

Skill      XL: |  1  2  3  4 |
---------------+-------------+-----
Necromancy     | 5 |  5.8
Stealth        | 4 |  4.7
Spellcasting   | 3 |  3.6
Dodging        | 3 |  3.2

Action                   |  1- 3 |  4- 6 || total
-------------------------+-------+-------++-------
Melee: Short sword       |     5 |    30 ||    35
       Bite              |       |     7 ||     7
 Cast: Necrotise         |    67 |    61 ||   128
Evoke: Wand              |       |     4 ||     4
  Use: Scroll            |       |     8 ||     8
       Potion            |       |     1 ||     1
 Stab: Sleeping          |     2 |     4 ||     6
Armor: Robe              |       |     7 ||     7
Dodge: Dodged            |     9 |    19 ||    28
Block: Buckler           |     3 |     3 ||     6
